 Dungeon Crawl Stone Soup version 0.25-b1-37-g2669288c55 (webtiles) character file.

Game seed: 10067042928730520110

197 diana the Skirmisher (level 5, -1/43 HPs)
             Began as a Demonspawn Fighter on June 5, 2020.
             Killed by divine providence
             ... invoked by an orc priest
              (10 damage)
             ... on level 4 of the Dungeon.
             The game lasted 00:03:59 (3091 turns).

diana the Skirmisher (Demonspawn Fighter)           Turns: 3091, Time: 00:04:01

Health: -1/43      AC:  7    Str: 17    XL:     5   Next: 46%
Magic:  5/5        EV:  7    Int:  9    God:
Gold:   112        SH:  9    Dex: 13    Spells: 4/4 levels left

rFire    + . .     SeeInvis .   a - +0 flail
rCold    . . .     Gourm    .   c - +0 kite shield
rNeg     . . .     Faith    .   b - +0 scale mail
rPois    .         Spirit   .   (no helmet)
rElec    .         Reflect  .   (no cloak)
rCorr    .         Harm     .   (no gloves)
MR       .....                  (no boots)
Stlth    ..........             (no amulet)
HPRegen  0.14/turn              (no ring)
MPRegen  0.09/turn              (no ring)

@: no status effects
A: talons 1, rugged brown scales 1, fire resistance 1, powered by pain 1
a: no special abilities


You were on level 4 of the Dungeon.
You were hungry.

You visited 1 branch of the dungeon, and saw 4 of its levels.

You collected 112 gold pieces.

Inventory:

Hand Weapons
 a - a +0 flail (weapon)
Armour
 b - a +0 scale mail (worn)
 c - a +0 kite shield (worn)
Jewellery
 r - an uncursed ring of positive energy {unknown}
Scrolls
 e - 3 scrolls of blinking {unknown}
 h - a scroll of enchant armour {unknown}
 j - 2 scrolls of identify {unknown}
 k - 2 scrolls of teleportation {unknown}
 m - 6 scrolls of enchant weapon {unknown}
 o - 3 scrolls of amnesia {unknown}
 q - 3 scrolls of immolation {unknown}
 s - a scroll of remove curse {unknown}
Potions
 d - a potion of might
 i - a potion of cancellation
 l - a potion of curing
 n - a potion of brilliance {unknown}
 p - a potion of stabbing {unknown}
Comestibles
 f - 6 rations


   Skills:
 + Level 3.7 Fighting
 + Level 3.4 Maces & Flails
 + Level 3.5 Armour
 + Level 0.2 Dodging
 + Level 0.2 Stealth
 + Level 3.5 Shields


You had 4 spell levels left.
You didn't know any spells.
Your spell library was empty.

Dungeon Overview and Level Annotations

Branches:
Dungeon (4/15)
 Temple: D:4-7

Altars:

Annotations:
D:4 Menkaure


Innate Abilities, Weirdness & Mutations

You have sharp toenails.
You are partially covered in rugged brown scales. (AC +1, +3% HP)
Your flesh is heat resistant. (rF+)
You sometimes gain a little power by taking damage.


Message History

The orc hits you but does no damage.
Unknown command.
You hit the orc. You claw the orc.
You kill the orc!
The frilled lizard bites you.
It was a potion of cancellation.
You feel magically purged. The orc hits you with a +0 war axe.
It was a potion of curing.
You feel better. The orc barely misses you.
The orc priest invokes the aid of Beogh against you.
Beogh smites you!
* * * LOW HITPOINT WARNING * * *
You feel better. The orc hits you with a +0 war axe.
You closely miss the orc. Your kick misses the orc. You block the orc's attack.
You hit the orc. Your kick misses the orc.
The orc is moderately wounded.
The orc hits you with a +0 war axe!
* * * LOW HITPOINT WARNING * * *
The orc priest calls down the wrath of Beogh upon you.
Beogh smites you!
You die...

....... ...#
.......##..##
.......#8..8##
.......o.....##
..?....o..>...
.......#8.o8#
.......##lo#
.......@oro#
.#########....#
#.#### #.. ##.#
.# .# .#


You could see an orc priest, 3 orcs, a quokka and a frilled lizard.

Vanquished Creatures
  A jelly (D:2)
  An orc wizard (D:4)
  2 adders (D:3)
  An ooze (D:1)
  An adder skeleton (D:4)
  4 worms
  3 dart slugs
  A leopard gecko (D:1)
  7 orcs
  5 giant cockroaches
  14 goblins
  7 hobgoblins
  5 jackals (D:3)
  12 kobolds
  12 bats
  7 frilled lizards
  2 rats
85 creatures vanquished.

Notes
Turn   | Place    | Note
-------+----------+-------------------------------------------
     0 | D:1      | diana the Demonspawn Fighter began the quest for the Orb.
     0 | D:1      | Reached XP level 1. HP: 18/18 MP: 1/1
   149 | D:1      | Gained mutation: You are partially covered in rugged brown
                  | scales. (AC +1, +3% HP) [demonic ancestry]
   149 | D:1      | Reached XP level 2. HP: 17/24 MP: 2/2
   416 | D:1      | Gained mutation: Your flesh is heat resistant. (rF+)
                  | [demonic ancestry]
   416 | D:1      | Reached XP level 3. HP: 23/29 MP: 3/3
  1364 | D:2      | Gained mutation: You sometimes gain a little power by
                  | taking damage. [demonic ancestry]
  1364 | D:2      | Reached XP level 4. HP: 36/36 MP: 4/4
  2211 | D:3      | Gained mutation: You have sharp toenails. [demonic
                  | ancestry]
  2211 | D:3      | Reached XP level 5. HP: 42/42 MP: 5/5
  2919 | D:4      | Noticed Menkaure
  3091 | D:4      | Killed from afar by an orc priest

Illustrated notes

Levels and vault maps discovered:
D:1:      mrwooster_arrival_statue, layout_loops_corners, minmay_tripent
D:2:      layout_loops_ring
D:3:      layout_basic
D:4:      layout_rooms, first_ration, minmay_liquid_box, st_stairs_6,
          uniq_menkaure

Skill      XL: |  1  2  3  4 |
---------------+-------------+-----
Maces & Flails | 2 3 |  3.4
Armour         | 3 |  3.5
Shields        | 3 |  3.5
Fighting       | |  3.7
Dodging        | |  0.2
Stealth        | |  0.2

Action                   |  1- 3 |  4- 6 || total
-------------------------+-------+-------++-------
Melee: Flail             |   159 |   142 ||   301
       Kick              |       |    18 ||    18
  Use: Potion            |       |     3 ||     3
  Eat: Chunk             |     2 |     5 ||     7
Armor: Scale mail        |    87 |    82 ||   169
Dodge: Dodged            |    58 |    40 ||    98
Block: Kite shield       |    85 |    77 ||   162
